 Dungeon Crawl Stone Soup version 0.29-a0-997-gf6f7e2dfe7 (webtiles) character file.

Game seed: 18161362341871440788

9950 xian the Basher (level 11, -1/97 HPs)
             Began as a Yellow Draconian Wanderer on Aug 5, 2022.
             Was a Believer of Wu Jian.
             Killed by vampiric draining
             ... invoked by a vampire
              (21 damage)
             ... on level 9 of the Dungeon.
             The game lasted 00:26:08 (12460 turns).

xian the Basher (Yellow Draconian Wanderer)        Turns: 12460, Time: 00:26:08

Health: -1/97      AC: 12    Str: 18    XL:     11   Next: 29%
Magic:  14/14      EV: 16    Int: 12    God:    Wu Jian [**....]
Gold:   412        SH:  0    Dex: 17    Spells: 13/14 levels left

rFire   + . .      SeeInvis +   i - +2 mace "Wic Okosk" {vorpal, Dex+5 SInv}
rCold   x . .      Faith    .   (no shield)
rNeg    . . .      Spirit   .   (body armour unavailable)
rPois   +          Reflect  .   (helmet restricted)
rElec   .          Harm     .   t - +1 cloak {rPois}
rCorr   +          Rampage  .   (no gloves)
Will    .....                   f - +2 pair of boots
Stlth   +++.......              (no amulet)
HPRegen 0.26/turn               s - +4 ring of slaying
MPRegen 0.14/turn               h - ring of fire

@: no status effects
A: spit acid, AC +7, unfitting armour, cold-blooded, acid resistance
a: Breathe Acid, Renounce Religion, Wall Jump


You were on level 9 of the Dungeon.
You worshipped Wu Jian.
Wu Jian was pleased with you.
You visited 2 branches of the dungeon, and saw 10 of its levels.

You collected 412 gold pieces.

Inventory:

Hand Weapons
 i - the +2 mace "Wic Okosk" (weapon) {vorpal, Dex+5 SInv}
   (You found it on level 2 of the Dungeon)

   It inflicts extra damage upon your enemies.
   Dex:       It affects your dexterity (+5).
   SInv:      It lets you see invisible.
 p - a +6 trident
Missiles
 e - 6 atropa-tipped darts
 n - 38 poisoned darts (quivered)
 I - a throwing net
Armour
 f - a +2 pair of boots (worn)
 t - a +1 cloak of poison resistance (worn)
Jewellery
 a - a ring of see invisible
 h - a ring of fire (right hand)
 s - a +4 ring of slaying (left hand)
 D - a ring of willpower
 G - the ring of Gesenaor {Contam rPois Will+ EV+4 Dex+2 SInv}
   (You took it off a centaur warrior on level 9 of the Dungeon)

   [ring of evasion]

   EV:        It affects your evasion (+4).
   Dex:       It affects your dexterity (+2).
   rPois:     It protects you from poison.
   SInv:      It lets you see invisible.
   Contam:    It causes magical contamination when unequipped.
   Will:      It increases your willpower.
Wands
 g - a wand of charming (26)
 l - a wand of mindburst (14)
 m - a wand of flame (34)
 z - a wand of quicksilver (13)
 E - a wand of iceblast (7)
Scrolls
 b - a scroll of teleportation
 d - a scroll of vulnerability
 q - 3 scrolls of enchant armour
 r - 2 scrolls of magic mapping
 y - a scroll of butterflies
 F - a scroll of amnesia
 H - a scroll of identify
Potions
 c - 2 potions of curing
 j - 2 potions of degeneration {unknown}
 k - 2 potions of heal wounds {unknown}
 o - a potion of mutation {unknown}
 u - a potion of berserk rage {unknown}
 v - 4 potions of flight
 w - a potion of ambrosia {unknown}
 x - a potion of brilliance {unknown}
 A - a potion of cancellation {unknown}
 B - a potion of attraction {unknown}
 C - a potion of invisibility {unknown}


   Skills:
 + Level 9.6 Fighting
 + Level 4.0 Short Blades
 + Level 11.9 Maces & Flails
 + Level 2.4 Throwing
 + Level 7.0 Dodging
 + Level 5.0 Stealth
 + Level 2.2 Spellcasting
 + Level 1.0 Translocations
 + Level 1.0 Invocations


You had 13 spell levels left.
You knew the following spells:

 Your Spells              Type           Power      Damage    Failure   Level
a - Apportation           Tloc           6%         N/A       19%         1

Your spell library contained the following spells:

 Spells                   Type           Power      Damage    Failure   Level
 Slow                     Hex            4%         N/A       26%         1
 Teleport Other           Tloc           3%         N/A       47%         3
 Portal Projectile        Hex/Tloc       4%         N/A       54%         3
 Confusing Touch          Hex            1%         N/A       63%         3
 Tukima's Dance           Hex            1%         N/A       63%         3
 Vampiric Draining        Necr           1%         2d6       63%         3
 Iskenderun's Mystic Bla  Conj/Tloc      2%         2d3       91%         4
 Fulminant Prism          Conj/Hex       0%         3d6       95%         4
 Petrify                  Tmut/Erth      1%         N/A       95%         4
 Blade Hands              Tmut           0%         N/A       100%        5
 Lee's Rapid Deconstruct  Erth           0%         3d5*      100%        5
 Metabolic Englaciation   Hex/Ice        0%         N/A       100%        5
 Statue Form              Tmut/Erth      0%         N/A       100%        6


Dungeon Overview and Level Annotations

Branches:
Dungeon (9/15)             Temple (1/1) D:7
   Lair: D:8-11         Orc: D:9-12

Altars:
Ashenzari
Cheibriados
Dithmenos
Elyvilon
Fedhas
Gozag
Hepliaklqana
Kikubaaqudgha
Makhleb
Nemelex Xobeh
Okawaru
Qazlal
Ru
Sif Muna
Trog
Uskayaw
Vehumet
Wu Jian
Xom
Yredelemnul
Zin
The Shining One

Shops:
D:7 =


Innate Abilities, Weirdness & Mutations

You can spit globs of acid.
Your golden yellow scales are hard. (AC +7)
You cannot fit into any form of body armour.
You are cold-blooded and may be slowed by cold attacks.
You are resistant to acid. (rCorr)


Message History

The vampire is almost destroyed.
You barely miss the vampire.
Your tail-slap misses the vampire.
The vampire is almost destroyed.
The vampire draws life force from you!
* * * LOW HITPOINT WARNING * * *
The vampire is healed by the life force!
You hit the vampire but do no damage.
Your tail-slap misses the vampire.
The vampire is heavily damaged.
The vampire draws life force from you!
* * * LOW HITPOINT WARNING * * *
The vampire is healed by the life force!
You hit the vampire.
The vampire is moderately damaged.
The vampire hits you but does no damage.
The vampire bites you but does no damage.
You sock the vampire!
The vampire is severely damaged.
The vampire barely misses you. The vampire closely misses you.
You hit the vampire.
You tail-slap the vampire, but do no damage.
The vampire is severely damaged.
Okay, then.
Aiming: Throw Flame
Press: ? - help, Shift-Dir - straight line, f - vampire
Aim: a vampire, wearing a +0 robe and wearing a +4 ring of slaying (severely damaged, slightly transparent, 68% to hit)
The puff of flame hits the vampire but does no damage.
The vampire is severely damaged.
The vampire gestures at you while chanting.
You are confused.
You feel better. The vampire misses you. x2
Aiming: Mindburst
Press: ? - help, Shift-Dir - straight line, f/p - vampire
Aim: a vampire, wearing a +0 robe and wearing a +4 ring of slaying (severely damaged, slightly transparent, chance to affect: 47%)
The vampire's mind is blasted!
The vampire hits you.
* * * LOW HITPOINT WARNING * * *
The vampire misses you.
You hit the vampire but do no damage.
Your tail-slap misses the vampire.
The vampire is almost destroyed.
The vampire draws life force from you!!
You die...

......#...........# #.....#
..................# #.....#
......##..........# #.....# #####
..<...##..........# #.....# #....
......##..........# #.....# #....
..................# #.....# #....
......#.#######.### #.....###....
........# #.V# ##[.....))...
######..# ##@## #..#####.... #..#
##..####..# #.... # #..#####
#.....##..# #.... ### #......#
#.........#####.... ..####...##.#
#.....##.#.).##....
....##...##.###..<..##.#...######
..........#.........##.#...'.#
._.###.####.....##.###.#.<.#.# ##
...# #..........##..##.#...#.###.


You could see a vampire.

Vanquished Creatures
  A hydra (D:9)
  A centaur warrior (D:9)
  A two-headed ogre (D:9)
  Pikel (D:9)
  A deep elf pyromancer (D:9)
  A cyclops (D:9)
  A manticore (D:9)
  Maurice (D:9)
  Psyche (D:8)
  2 hornets (D:9)
  Prince Ribbit (D:9)
  A wyvern (D:9)
  Eustachio (D:4)
  7 yaks (D:9)
  2 basilisks (D:8)
  A steam dragon (D:5)
  A redback (shapeshifter) (D:9)
  An acid dragon (D:9)
  3 water moccasins
  3 sky beasts
  2 black bears
  3 orc warriors
  2 ogres
  3 centaurs
  3 lemures (D:9)
  A phantom (D:3)
  4 bullfrogs
  2 kobold brigands
  4 necrophages
  A gnoll sergeant (D:9)
  3 scorpions
  6 wights (D:9)
  A killer bee (D:7)
  3 howler monkeys (D:7)
  A jelly (D:7)
  2 hounds
  2 orc priests
  3 gnoll boudas
  2 iguanas
  6 orc wizards
  Ijyb (D:4)
  8 gnolls
  6 adders
  2 shadow imps
  2 dart slugs (D:1)
  11 orcs
  16 ball pythons
  5 endoplasms
  3 giant cockroaches
  4 goblins
  5 hobgoblins
  3 jackals (D:4)
  17 kobolds
  4 quokkas
  6 bats
  A frilled lizard (D:1)
  4 rats
  A spectral orc (D:6)
185 creatures vanquished.

Vanquished Creatures (others)
  3 fungi (D:3)
  8 plants (D:1)
11 creatures vanquished.

Grand Total: 196 creatures vanquished

Notes
Turn   | Place    | Note
-------+----------+-------------------------------------------
     0 | D:1      | xian the Draconian Wanderer began the quest for the Orb.
     0 | D:1      | xian set off with the following items: a +3 short sword, a
                  | scroll of teleportation; and the following spell memorised:
                  | Apportation; and the following spells available to
                  | memorise: Teleport Other.
     0 | D:1      | Reached XP level 1. HP: 17/17 MP: 3/3
   510 | D:1      | Reached XP level 2. HP: 17/25 MP: 5/5
   998 | D:1      | Reached XP level 3. HP: 30/30 MP: 6/6
  1316 | D:2      | Identified the +2 mace "Wic Okosk" {vorpal, Dex+5 SInv}
  1453 | D:2      | You fall into a shaft and drop 2 floors!
  1454 | D:4      | Noticed a necrophage
  1461 | D:4      | Noticed Eustachio
  1751 | D:3      | Reached XP level 4. HP: 38/38 MP: 7/7
  1824 | D:3      | Reached skill level 1 in Dodging
  2379 | D:3      | Found a glowing golden altar of the Shining One.
  2567 | D:4      | Noticed a black bear
  2581 | D:4      | Killed a black bear
  2582 | D:4      | Reached skill level 2 in Maces & Flails
  2582 | D:4      | Reached skill level 1 in Stealth
  2582 | D:4      | Reached XP level 5. HP: 22/45 MP: 8/8
  2744 | D:4      | Noticed a sky beast
  2784 | D:3      | Killed a sky beast
  2785 | D:3      | Reached skill level 3 in Maces & Flails
  2785 | D:3      | Reached XP level 6. HP: 11/51 MP: 9/9
  3231 | D:4      | Reached skill level 4 in Maces & Flails
  3260 | D:4      | Your scales start taking on a golden yellow colour.
  3260 | D:4      | Reached XP level 7. HP: 51/58 MP: 10/10
  3260 | D:4      | Gained mutation: You are resistant to acid. (rCorr) [Yellow
                  | Draconian growth]
  3291 | D:4      | Killed Eustachio
  3466 | D:4      | Found an opulent altar of Gozag.
  3562 | D:4      | Noticed Ijyb
  3609 | D:4      | Killed Ijyb
  3610 | D:4      | Reached skill level 5 in Maces & Flails
  4042 | D:4      | Reached XP level 8. HP: 43/67 MP: 11/11
  4385 | D:5      | Entered Level 5 of the Dungeon
  4434 | D:5      | Reached skill level 6 in Maces & Flails
  5518 | D:6      | Reached skill level 5 in Fighting
  5760 | D:6      | Reached skill level 7 in Maces & Flails
  6095 | D:6      | Found a basalt altar of Yredelemnul.
  7218 | D:7      | Found a staircase to the Ecumenical Temple.
  7224 | Temple   | Entered the Ecumenical Temple
  7330 | Temple   | Became a worshipper of the Wu Jian Council
  7368 | D:7      | Reached XP level 9. HP: 75/75 MP: 12/12
  7825 | D:7      | Reached skill level 8 in Maces & Flails
  7899 | D:7      | Found Naloqeag's Jewellery Emporium.
  8599 | D:8      | Noticed Psyche
  8605 | D:8      | Killed Psyche
  8606 | D:8      | Reached skill level 5 in Dodging
  8948 | D:8      | Found a hide-covered altar of Uskayaw.
  9143 | D:8      | Reached skill level 9 in Maces & Flails
  9661 | D:9      | Reached XP level 10. HP: 65/86 MP: 13/13
  9662 | D:9      | Reached * piety under Wu Jian
  9839 | D:9      | Noticed Maurice
  9851 | D:9      | Killed Maurice
  9900 | D:9      | Found a glowing silver altar of Zin.
  9916 | D:9      | Reached skill level 10 in Maces & Flails
  9938 | D:9      | Found a sacrificial altar of Ru.
 10042 | D:9      | Noticed Pikel
 10056 | D:9      | Killed Pikel
 10263 | D:9      | Noticed a manticore
 10271 | D:9      | Killed a manticore
 10273 | D:9      | Noticed a two-headed ogre
 10276 | D:9      | Reached skill level 11 in Maces & Flails
 10276 | D:9      | Noticed a deep elf pyromancer
 10385 | D:9      | Noticed a six-headed hydra
 10553 | D:9      | Killed a deep elf pyromancer
 10820 | D:9      | Noticed a cyclops
 10828 | D:9      | Killed a cyclops
 11025 | D:9      | Identified the ring of Gesenaor {Contam rPois Will+ EV+4
                  | Dex+2 SInv}
 11025 | D:9      | Noticed a centaur warrior
 11036 | D:9      | Killed a centaur warrior
 11074 | D:9      | Reached ** piety under Wu Jian
 11075 | D:9      | Reached XP level 11. HP: 43/95 MP: 14/14
 11397 | D:9      | Noticed a seven-headed hydra
 11403 | D:9      | Paralysed by a hornet for 3 turns
 11404 | D:9      | Noticed Prince Ribbit
 11425 | D:9      | HP: 1/97 [wyvern (11)]
 11731 | D:9      | Killed a six-headed hydra
 11732 | D:9      | Reached skill level 5 in Stealth
 12182 | D:9      | Killed a two-headed ogre
 12200 | D:9      | Killed Prince Ribbit
 12460 | D:9      | Killed from afar by a vampire

Illustrated notes

Levels and vault maps discovered:
D:1:      lemuel_arrival_muddy, layout_basic, kennysheep_boxes
D:2:      layout_basic, hellmonk_ecumenical_altar_watching_god,
          minmay_crystal_water, minmay_pentomino_o2, uniq_robin
D:3:      layout_basic, tso_oasis_becter, minmay_shallow_snake_nest
D:4:      layout_basic, mainiacjoe_overflow_cross_hatched, uniq_ijyb,
          uniq_eustachio
D:5:      layout_loops_ring
D:6:      layout_layer_cave, yredelemnul_forgotten_temple_becter,
          kennysheep_generic_room_3
D:7:      layout_basic, minmay_temple_entry_hall, serial_shops, shop,
          st_stairs_11
D:8:      layout_rooms, mainiacjoe_overflow_small_starburst,
          hangedman_minor_gate_pass, uniq_psyche
D:9:      minmay_the_grid_triangle_9x9_recursive_2_mashed
          [minmay_the_grid_triangle_9x9_prize_center,
          minmay_the_grid_triangle_9x9_sprig,
          minmay_the_grid_triangle_9x9_longest,
          minmay_the_grid_triangle_9x9_corrupted_corridor], layout_basic,
          grunt_temple_overflow_open, uniq_prince_ribbit1, uniq_maurice,
          uniq_pikel
Temple:   regret_index_temple_sphere_string

Skill      XL: |  1  2  3  4  5  6  7  8  9 10 11 |
---------------+----------------------------------+-----
Fighting       | 3 4 5 7 8 9 |  9.6
Short Blades   | 4 |  4.0
Dodging        | 1 2 3 4 5 6 7 |  7.0
Maces & Flails | 2 3 4 5 7 9 11 | 11.9
Stealth        | 1 2 3 4 5 |  5.0
Throwing       | 2 |  2.4
Spellcasting   | |  2.2
Translocations | |  1.0
Invocations    | |  1.0

Action                   |  1- 3 |  4- 6 |  7- 9 | 10-12 || total
-------------------------+-------+-------+-------+-------++-------
Melee: Short sword       |    73 |       |       |       ||    73
       Punch             |     3 |     2 |     6 |     4 ||    15
       Tailslap          |    12 |     9 |    40 |    36 ||    97
       Mace              |    20 |   103 |   248 |   233 ||   604
Throw: Dart              |       |       |    11 |     4 ||    15
Invok: Lunge             |       |       |     5 |    13 ||    18
       Whirlwind         |       |       |       |    10 ||    10
 Abil: Breathe Acid      |       |       |     2 |     8 ||    10
Evoke: Wand              |       |       |       |     2 ||     2
  Use: Scroll            |       |     3 |    13 |     4 ||    20
       Potion            |       |     1 |       |     1 ||     2
 Stab: Sleeping          |       |     2 |     5 |       ||     7
Armor: Skin              |    56 |    43 |    92 |    81 ||   272
Dodge: Dodged            |    89 |    81 |   225 |   158 ||   553

Table legend: (Time is in decaauts)
 A = Elapsed time spent in this place.
 B = Non-inter-level travel time spent in this place.
 C = Inter-level travel time spent in this place.
 D = Time resting spent in this place.
 E = Time spent auto-exploring this place.
 F = Levels seen in this place.
 G = Mean time per level.
                   A        B        C        D        E       F      G
               +--------+--------+--------+--------+--------+-----+--------+
         Total |  12482 |  12272 |    210 |    312 |   9460 |  10 | 1248.2 |
       Dungeon |  12350 |  12164 |    186 |    312 |   9376 |   9 | 1372.2 |
        Temple |    131 |    107 |     24 |      0 |     84 |   1 |  131.0 |
               +--------+--------+--------+--------+--------+-----+--------+

Top non-repeatable levels by time:
     D:9: 2896 daAuts
     D:6: 1768 daAuts
     D:4: 1507 daAuts
     D:3: 1474 daAuts
     D:7: 1351 daAuts
     D:1: 1291 daAuts
     D:8: 958 daAuts
     D:5: 940 daAuts
     D:2: 162 daAuts
  Temple: 131 daAuts
